cohdb
Replays
Latest Replays
All Replays
Popular Replays
Top Player Replays
Match Explorer
How It Works
Community
CoH3 Stats
Reddit
Sign in to upload your games and track your stats! →
Sign in with Steam
Match 37825977
Unlisted
Match 37825977
Overview
Messages
Build Orders
End
Construct Section Command Post
Selects Indian Artillery Battlegroup
Infantry Section
Infantry Section
Infantry Section
ML 3-inch Mortar Team
Construct Platoon Command Post
Selects Valour
6-pounder Anti-tank Gun Team
Unlock M3 Stuart Light Tanks
Honey
jde513
2PeriodBlood7
Zebra
xzh
..................
Hezbollah Z
치실
0
0
Comments
sign in to comment!
No comments posted yet!